 Dungeon Crawl Stone Soup version 0.31-a0-868-g674d60d6f7 (webtiles) character file.

Game seed: 581255486756110328

33691 wvc the Devastator (level 13, -6/73 HPs)
             Began as a Gargoyle Earth Elementalist on Oct 11, 2023.
             Was a High Priest of Vehumet.
             Mangled by an eight-headed hydra (11 damage)
             ... on level 3 of the Lair of Beasts.
             The game lasted 00:55:21 (13370 turns).

wvc the Devastator (Gargoyle Earth Elementalist)   Turns: 13370, Time: 00:55:22

Health: -6/73      AC: 18    Str: 12    XL:     13   Next: 72%
Magic:  20/27      EV:  6    Int: 21    God:    Vehumet [*****.]
Gold:   1487       SH:  0    Dex: 16    Spells: 14/32 levels left

rFire   . . .        a - staff of conjuration
rCold   . . .        (no shield)
rNeg    + . .        p - +0 steam dragon scales
rPois   ∞            (no helmet)
rElec   +            F - +1 cloak {Stlth+}
rCorr   .            (no gloves)
SInv    .            v - +1 pair of boots
Will    +....        H - amulet of regeneration
Stlth   +++          y - ring "Focoupnu" {+Blink Will+}
HPRegen 1.12/turn    M - +6 ring of dexterity
MPRegen 0.20/turn

%: no passive effects
@: held, studying Unarmed Combat
A: sickness immunity, AC +9, negative energy resistance 1, electricity
resistance, torment resistance 1, petrification resistance
a: Renounce Religion, Evoke Blink


You were on level 3 of the Lair of Beasts.
You worshipped Vehumet.
Vehumet was extremely pleased with you.
You visited 3 branches of the dungeon, and saw 15 of its levels.

You collected 1817 gold pieces.
You spent 330 gold pieces at shops.

Inventory:

Hand Weapons
 f - a +2 short sword of freezing
 l - a +7 flail of holy wrath
 G - the +1 short sword of Xom's Regard {freeze, *Corrode rN+ Int+3}
   (You found it on level 7 of the Dungeon)

   Int+3:     It affects your intelligence (+3).
   rN+:       It protects you from negative energy.
   *Corrode:  It may corrode you when you take damage.
 L - a +1 dagger of venom
Missiles
 d - 31 poisoned darts
 n - 2 atropa-tipped darts
 x - a throwing net
 D - 3 curare-tipped darts
Armour
 p - +0 steam dragon scales (worn)
 v - a +1 pair of boots (worn)
 F - a +1 cloak of stealth (worn)
Magical Staves
 a - a staff of conjuration (weapon)
Jewellery
 k - an amulet of magic regeneration
 y - the ring "Focoupnu" (left hand) {+Blink Will+}
   (You found it on level 6 of the Dungeon)

   [ring of willpower]

   Will+:     It increases your willpower.
   +Blink:    It lets you blink.
 H - an amulet of regeneration (around neck)
 J - an amulet of reflection
 M - a +6 ring of dexterity (right hand)
Wands
 t - a wand of acid (9)
 w - a wand of polymorph (4)
 A - a wand of roots (6)
 E - a wand of flame (27)
 I - a wand of digging (2)
 N - a wand of charming (8)
 O - a wand of mindburst (6)
Scrolls
 g - 2 scrolls of blinking
 i - a scroll of amnesia
 j - 3 scrolls of identify
 o - a scroll of teleportation
 q - a scroll of revelation
 s - 3 scrolls of immolation
 B - a scroll of enchant weapon
 P - 3 scrolls of fear
 Q - a scroll of butterflies
 R - a scroll of poison
Potions
 b - a potion of magic
 c - 2 potions of attraction
 e - a potion of cancellation
 h - 4 potions of curing
 m - 2 potions of ambrosia
 r - 2 potions of brilliance
 u - 3 potions of mutation
 z - 4 potions of haste
 C - a potion of invisibility
 K - 2 potions of enlightenment
 S - a potion of might


   Skills:
 - Level 5.5 Fighting
 - Level 1.5 Dodging
 - Level 2.1 Stealth
 - Level 10.0 Spellcasting
 + Level 15.1 Conjurations
 - Level 0.7 Transmutations
 * Level 11.3 Fire Magic
 - Level 10.0 Earth Magic


You had 14 spell levels left.
You knew the following spells:

 Your Spells              Type           Power      Damage    Failure   Level
a - Sandblast             Erth           100%       2d20      1%          1
b - Stone Arrow           Conj/Erth      100%       3d13      1%          3
c - Flame Wave            Conj/Fire      78%        2d17      1%          4
d - Starburst             Conj/Fire      39%        6d11      1%          6
e - Sticky Flame          Conj/Fire      78%        2d9       1%          4

Your spell library contained the following spells:

 Spells                   Type           Power      Damage    Failure   Level
 Plasma Beam              Fire/Air       17%        2x1d28    24%         6
 Magic Dart               Conj           100%       1d8       0%          1
 Kiss of Death            Conj/Necr      100%       2d13      1%          1
 Passwall                 Tmut/Erth      27%        N/A       1%          2
 Hailstorm                Conj/Ice       59%        3d13      1%          3
 Inner Flame              Hex/Fire       34%        N/A       1%          3
 Volatile Blastmotes      Fire/Tloc      68%        2d15      1%          3
 Brom's Barrelling Bould  Conj/Erth      76%        2d9       1%          4
 Fulminant Prism          Conj/Hex       29%        3d14      1%          4
 Iskenderun's Mystic Bla  Conj/Tloc      59%        2d12      1%          4
 Petrify                  Tmut/Erth      33%        N/A       7%          4
 Confusing Touch          Hex            10%        N/A       19%         3
 Gell's Gravitas          Tloc           10%        N/A       19%         3
 Teleport Other           Tloc           10%        N/A       19%         3
 Dispel Undead            Necr           10%        3d9       54%         4
 Summon Ice Beast         Ice/Summ       10%        N/A       54%         4
 Dispersal                Tloc           5%         N/A       100%        6
 Simulacrum               Ice/Necr       5%         N/A       100%        6


Dungeon Overview and Level Annotations

Branches:
Dungeon (11/15)            Temple (1/1) D:7            Lair (3/5) D:8
  Swamp: Lair:2-3    Shoals: Lair:2-3     Snake: Lair:2-3    Spider: Lair:2-3
    Orc: D:9-12

Altars:
Ashenzari
Cheibriados
Dithmenos
Elyvilon
Fedhas
Gozag
Hepliaklqana
Kikubaaqudgha
Makhleb
Nemelex Xobeh
Okawaru
Qazlal
Ru
Sif Muna
Trog
Uskayaw
Vehumet
Wu Jian
Xom
Yredelemnul
Zin
The Shining One

Shops:
D:1 :   D:7 =[

Annotations:
D:7 Maggie
D:11 Snorg
Lair:3 1 runed translucent door


Innate Abilities, Weirdness & Mutations

You are immune to sickness and miasma.
Your stone body is resilient. (AC +9)
You are immune to poison.
You resist negative energy. (rN+)
You are resistant to electric shocks. (rElec)
You are resistant to unholy torment.
You are immune to petrification.


Message History

The flame wave engulfs the elephant!
The elephant is moderately wounded.
You finish channelling waves of flame.
You hear a trumpeting!
The boulder beetle bites you!
* * * LOW HITPOINT WARNING * * *
The elephant tramples you but does no damage.
The elephant trunk-slaps you but does no damage.
Okay, then.
Casting: Flame Wave (safe; 1% risk of failure)
Confirm with . or Enter, or press ? or * to list all spells.
Casting: Flame Wave (safe; 1% risk of failure)
Press: ? - help, Dir - look around, f - activate You feel a surge of power!
A wave of flame ripples out!
The flame wave engulfs the elephant.
The elephant is severely wounded.
The flame wave engulfs the boulder beetle!
The boulder beetle is almost dead. (Press . to intensify the flame waves.)
The boulder beetle bites you.
* * * LOW HITPOINT WARNING * * *
The elephant tramples you.
* * * LOW HITPOINT WARNING * * *
You hold your ground!
The elephant closely misses you.
A wave of flame ripples out!
The flame wave engulfs the eight-headed hydra!
The eight-headed hydra is moderately wounded.
The flame wave engulfs the elephant!
The elephant is almost dead.
The flame wave engulfs the boulder beetle!
The boulder beetle is almost dead.
The flame wave engulfs the elephant!!
The elephant is severely wounded.
You hear a trumpeting!
The eight-headed hydra bites you but does no damage. x4
The eight-headed hydra barely misses you.
The eight-headed hydra bites you.
* * * LOW HITPOINT WARNING * * *
The eight-headed hydra bites you!
You die...

...............................
...............P...............
.............##PP..............
...........#########...........
...........PP##.####........P..
..................##...........
..................####.#...#P<.
...........S..YDB#.##.###.##
.........Y.#####@Y).......#
.......s...# ####).......#
.#.##..##..# ##.......#
.......P#..## #.........
.......###.⌠#. #.##.#####
........ c..#.. ### .#
............+P♣! ..
..#...c##...#.P .##


You could see a boulder beetle, an eight-headed hydra, 2 elephants and a water
moccasin.

Vanquished Creatures
  Erica (D:8)
  A boulder beetle (Lair:2)
  3 two-headed ogres
  3 death yaks (D:8)
  Nergalle (Lair:2)
  An ugly thing (D:9)
  2 black mambas
  3 elephants (Lair:2)
  A torpor snail (Lair:2)
  5 cane toads
  Jeremiah (D:8)
  A kobold demonologist (D:9)
  2 rime drakes (Lair:2)
  6 komodo dragons
  A polar bear (Lair:2)
  A troll (D:9)
  4 blink frogs (Lair:1)
  3 jumping spiders
  A culicivora (Lair:2)
  2 wyverns
  23 yaks
  4 steam dragons
  2 basilisks
  2 redbacks
  Menkaure (D:5)
  9 water moccasins
  4 orc warriors
  3 ice beasts
  An ogre (D:6)
  5 black bears
  2 wolves (Lair:1)
  3 centaurs
  Blork the orc (D:4)
  4 kobold brigands
  10 bullfrogs
  4 scorpions
  A wyvern zombie (D:7)
  10 wights
  13 killer bees
  2 electric eels
  A howler monkey (D:6)
  A bullfrog zombie (D:7)
  2 centaur zombies (D:7)
  Crazy Yiuf (D:6)
  2 orc priests (D:9)
  2 gnoll boudas (D:5)
  3 hounds (D:5)
  4 jellies
  Ijyb (D:5)
  9 hell rats
  3 iguanas
  9 orc wizards
  2 howler monkey zombies (D:7)
  8 gnolls (D:5)
  8 adders
  A river rat (D:8)
  A shadow imp (D:5)
  2 worms
  2 dart slugs
  31 orcs
  5 endoplasms
  5 giant cockroaches
  5 goblins
  5 hobgoblins
  24 kobolds
  5 quokkas
  7 ball pythons
  7 bats
  A frilled lizard (D:1)
  8 rats
312 creatures vanquished.

Notes
Turn   | Place    | Note
-------+----------+-------------------------------------------
     0 | D:1      | wvc the Gargoyle Earth Elementalist began the quest for the
                  | Orb.
     0 | D:1      | Reached XP level 1. HP: 10/10 MP: 3/3
   219 | D:1      | Reached XP level 2. HP: 15/15 MP: 3/5
   293 | D:1      | Found Searchina's Book Boutique.
   769 | D:2      | Reached XP level 3. HP: 19/19 MP: 2/6
  1024 | D:2      | Got an uncut book
  1029 | D:2      | Learned a level 3 spell: Stone Arrow
  1601 | D:3      | Reached skill level 5 in Earth Magic
  1601 | D:3      | Reached XP level 4. HP: 24/24 MP: 5/8
  2074 | D:3      | Found a faded altar of an unknown god.
  2299 | D:3      | Found a faded altar of an unknown god.
  2299 | D:3      | Found a faded altar of an unknown god.
  2301 | D:3      | Found a hazy altar of Hepliaklqana.
  2320 | D:3      | Prayed at the altar of an unknown god.
  2320 | D:3      | Became a worshipper of Vehumet
  2320 | D:3      | Reached * piety under Vehumet
  2320 | D:3      | Offered knowledge of Kiss of Death by Vehumet.
  2801 | D:4      | Noticed a black bear
  2814 | D:3      | HP: 1/24 [black bear (4)]
  2829 | D:3      | Killed a black bear
  2830 | D:3      | Reached XP level 5. HP: 6/28 MP: 8/10
  2929 | D:3      | Learned a level 4 spell: Flame Wave
  3289 | D:4      | Reached XP level 6. HP: 32/32 MP: 9/12
  3380 | D:5      | Entered Level 5 of the Dungeon
  3396 | D:5      | Noticed a black bear
  3399 | D:5      | Killed a black bear
  3414 | D:5      | Found a snail-covered altar of Cheibriados.
  3567 | D:5      | Reached XP level 7. HP: 26/36 MP: 9/14
  3741 | D:5      | Reached skill level 5 in Spellcasting
  3822 | D:5      | Noticed Ijyb
  3845 | D:5      | Offered knowledge of Static Discharge by Vehumet.
  3926 | D:5      | Noticed Blork the orc
  3936 | D:4      | Killed Blork the orc
  4142 | D:5      | Reached ** piety under Vehumet
  4339 | D:5      | Noticed Menkaure
  4343 | D:5      | Killed Menkaure
  4641 | D:5      | Killed Ijyb
  4642 | D:5      | Reached XP level 8. HP: 41/41 MP: 13/17
  4980 | D:6      | Found a burning altar of Makhleb.
  4990 | D:6      | Identified the ring "Focoupnu" {+Blink Will+}
  5013 | D:6      | Noticed Edmund
  5022 | D:6      | Edmund changed into Edmund the iguana
  5022 | D:6      | Noticed Edmund
  5024 | D:6      | Killed Edmund the iguana
  5444 | D:6      | Found a runed translucent door.
  5445 | D:6      | Noticed Crazy Yiuf
  5451 | D:6      | Killed Crazy Yiuf
  5506 | D:7      | Identified the -2 helmet of the Lonely Invaders {Rampage
                  | Stlth+}
  5513 | D:7      | Identified the +1 short sword of Xom's Regard {freeze,
                  | *Corrode rN+ Int+3}
  5650 | D:7      | Found Foleqiag's Jewellery Boutique.
  5657 | D:7      | Bought an amulet of regeneration for 330 gold pieces
  5665 | D:7      | Reached skill level 10 in Earth Magic
  5708 | D:7      | Reached XP level 9. HP: 45/45 MP: 18/20
  5848 | D:7      | Reached skill level 1 in Conjurations
  5848 | D:7      | Offered knowledge of Volatile Blastmotes by Vehumet.
  5952 | D:7      | Reached skill level 2 in Conjurations
  5981 | D:7      | Reached *** piety under Vehumet
  6197 | D:7      | Reached skill level 3 in Conjurations
  6324 | D:7      | Found Sigurd's Dragon-Slaying Spoils.
  6379 | D:7      | Noticed Maggie
  6583 | D:7      | Found a staircase to the Ecumenical Temple.
  6606 | Temple   | Entered the Ecumenical Temple
  6614 | Temple   | Identified a scroll of acquirement
  6614 | Temple   | Acquired 1074 gold pieces
  6627 | Temple   | Offered knowledge of Frozen Ramparts by Vehumet.
  6737 | D:7      | Reached skill level 10 in Spellcasting
  6737 | D:7      | Reached skill level 4 in Conjurations
  6737 | D:7      | Reached XP level 10. HP: 39/50 MP: 20/24
  6792 | D:7      | Reached skill level 1 in Fire Magic
  6804 | D:7      | Reached skill level 5 in Conjurations
  7185 | D:8      | Learned a level 6 spell: Starburst
  7274 | D:8      | Noticed a two-headed ogre
  7373 | D:8      | Noticed Jeremiah
  7575 | D:8      | Reached skill level 6 in Conjurations
  7822 | D:8      | Noticed a death yak
  7840 | D:8      | Noticed Erica
  7857 | D:8      | Killed Erica
  7858 | D:8      | Reached skill level 7 in Conjurations
  8215 | D:8      | Reached skill level 5 in Fire Magic
  8366 | D:8      | Found a radiant altar of Vehumet.
  8366 | D:8      | Found a shimmering altar of Xom.
  8381 | D:8      | Noticed a death yak
  8383 | D:8      | Found a staircase to the Lair.
  8462 | D:8      | Reached **** piety under Vehumet
  8471 | D:8      | Killed a two-headed ogre
  8472 | D:8      | Reached skill level 8 in Conjurations
  8547 | D:8      | Offered knowledge of Ignite Poison by Vehumet.
  8566 | D:8      | Reached XP level 11. HP: 55/55 MP: 25/25
  8688 | D:8      | Killed a death yak
  8689 | D:8      | Reached skill level 9 in Conjurations
  8690 | D:8      | Noticed a death yak
  8698 | D:8      | Killed a death yak
  8787 | D:8      | Killed a death yak
  8948 | D:9      | Reached skill level 10 in Conjurations
  9020 | D:9      | Reached skill level 1 in Fighting
  9276 | D:9      | Noticed a white ugly thing
  9285 | D:9      | Killed a white ugly thing
  9446 | D:9      | Found a shimmering blue altar of Sif Muna.
  9600 | D:10     | Entered Level 10 of the Dungeon
  9845 | D:10     | Noticed a two-headed ogre
  9849 | D:10     | Killed a two-headed ogre
  9850 | D:10     | Reached skill level 11 in Conjurations
  9928 | D:10     | Noticed a two-headed ogre
  9933 | D:10     | Killed a two-headed ogre
 10119 | D:11     | Noticed Snorg
 10120 | D:11     | Noticed a two-headed ogre
 10217 | Lair:1   | Entered Level 1 of the Lair of Beasts
 10243 | Lair:1   | Reached ***** piety under Vehumet
 10277 | D:8      | Reached skill level 12 in Conjurations
 10315 | D:8      | Reached skill level 5 in Fighting
 10315 | D:8      | Reached skill level 10 in Fire Magic
 10315 | D:8      | Reached XP level 12. HP: 68/68 MP: 24/26
 10336 | D:8      | Killed Jeremiah
 10443 | Lair:1   | Reached XP level 13. HP: 67/73 MP: 22/27
 10443 | Lair:1   | Offered knowledge of Plasma Beam by Vehumet.
 10583 | Lair:1   | Learned a level 4 spell: Sticky Flame
 11310 | Lair:1   | Reached skill level 13 in Conjurations
 12095 | Lair:2   | Reached skill level 14 in Conjurations
 12362 | Lair:2   | Noticed Nergalle
 12376 | Lair:2   | Killed Nergalle
 13196 | Lair:3   | Found a runed translucent door.
 13285 | Lair:2   | Reached skill level 15 in Conjurations
 13370 | Lair:3   | Mangled by an eight-headed hydra

Illustrated notes

Levels and vault maps discovered:
D:1:      dpeg_arrival_central, layout_rooms, serial_shops,
          nicolae_lakefront_shop, serial_glass, glass_columns_c,
          glass_columns_a, glass_columns_a, glass_columns_a
D:2:      layout_basic
D:3:      layout_basic, nicolae_hepliaklqana_ecumenical_no_more,
          shapermc_ecumenical_altar_flowoftime, dreamdust_wishing_well
D:4:      layout_loops_ring
D:5:      layout_loops_ring, cheibriados_altar_1, uniq_menkaure,
          uniq_blork_the_orc, uniq_ijyb
D:6:      layout_loops_ring, kennysheep_mini, uniq_crazy_yiuf_cottage,
          uniq_edmund
D:7:      layout_loops_corners, minmay_temple_entry_drinking_statues,
          serial_undead, serial_undead_a, serial_undead_f, serial_undead_b,
          serial_undead_d, serial_shops, shop, solitary_fountain,
          corexii_corridor_pit, minmay_misc_feat_plants,
          nicolae_shop_dragon_depot, uniq_maggie
D:8:      layout_loops_cross, nicolae_overflow_two_pavilions,
          dpeg_lair_monsters, amcnicky_mini_pool_medium, uniq_jeremiah,
          uniq_erica
D:9:      layout_gridville, lemuel_round_altar, grunt_decor_one_mirror
D:10:     layout_big_octagon, solitary_fountain, minmay_misc_feat_rows
D:11:     layout_gridville, gammafunk_ghost_hydra_chop,
          portal_ice_cave_entry_pillars_1, grunt_decor_arrowhead, uniq_grum,
          uniq_snorg
Temple:   lightli_temple_of_artemis
Lair:1:   layout_hall_layers, guppyfry_lair_drakes, grunt_megastairs_2,
          infiniplex_staircase_pool_2
Lair:2:   layout_roguey, pdpol_lair_cavern_descent, uniq_nergalle
Lair:3:   layout_gridlike, minmay_shoals_entry_centaurs,
          nicolae_spider_entry_tight_spaces, ebering_ghost_funeral_grove,
          grunt_megastairs_3

Skill      XL: |  1  2  3  4  5  6  7  8  9 10 11 12 13 |
---------------+----------------------------------------+-----
Earth Magic    | 4 5 6 8 10 | 10.0
Spellcasting   | 3 4 6 7 10 | 10.0
Conjurations   | 4 8 12 15 | 15.1
Fire Magic     | 5 10 11 | 11.3
Fighting       | 5 |  5.5
Dodging        | |  1.5
Stealth        | |  2.1
Transmutations | |  0.7

Action                     |  1- 3 |  4- 6 |  7- 9 | 10-12 | 13-15 || total
---------------------------+-------+-------+-------+-------+-------++-------
  Melee: Short sword       |       |    22 |       |       |       ||    22
         Punch             |       |     1 |       |       |       ||     1
         Staff             |       |       |     7 |       |     1 ||     8
  Throw: Dart              |       |     3 |     9 |    11 |     1 ||    24
   Cast: Sandblast         |    38 |    59 |   134 |   130 |    82 ||   443
         Stone Arrow       |       |       |    10 |    70 |    61 ||   141
         Flame Wave        |       |       |       |     1 |    11 ||    12
Ability: Evoke Blink       |       |       |       |     2 |       ||     2
  Evoke: Wand              |       |       |     2 |     2 |     1 ||     5
    Use: Scroll            |       |       |    17 |     9 |     1 ||    27
         Potion            |       |       |       |     4 |     1 ||     5
 Armour: Robe              |     6 |    16 |    62 |    28 |       ||   112
         Steam dragon scal |       |       |       |    81 |   139 ||   220
  Dodge: Dodged            |     9 |     5 |    43 |    65 |    93 ||   215

Table legend: (Time is in decaauts)
 A = Elapsed time spent in this place.
 B = Non-inter-level travel time spent in this place.
 C = Inter-level travel time spent in this place.
 D = Time resting spent in this place.
 E = Time spent auto-exploring this place.
 F = Levels seen in this place.
 G = Mean time per level.
                   A        B        C        D        E       F      G
               +--------+--------+--------+--------+--------+-----+--------+
         Total |  13614 |  13180 |    434 |   1948 |   8576 |  15 |  907.6 |
       Dungeon |  10586 |  10215 |    371 |   1183 |   6953 |  11 |  962.4 |
        Temple |     35 |     35 |      0 |     21 |      0 |   1 |   35.0 |
          Lair |   2992 |   2929 |     63 |    744 |   1623 |   3 |  997.3 |
               +--------+--------+--------+--------+--------+-----+--------+

Top non-repeatable levels by time:
     D:7: 1902 daAuts
     D:8: 1779 daAuts
  Lair:2: 1536 daAuts
  Lair:1: 1308 daAuts
     D:5: 1253 daAuts
     D:3: 1191 daAuts
     D:2: 868 daAuts
     D:6: 828 daAuts
     D:9: 734 daAuts
     D:4: 729 daAuts
     D:1: 711 daAuts
    D:10: 510 daAuts
  Lair:3: 148 daAuts
    D:11: 75 daAuts
  Temple: 35 daAuts
